 Dungeon Sprint DCSS version 0.31-a0-876-gfe8ebadbca (webtiles) character file.

Game seed: 10871214914214071324

6890 rocky1 the Fencer (level 11, -3/89 HPs)
             Began as a Djinni Gladiator on Oct 14, 2023.
             Was an Initiate of Gozag.
             Shot with an arrow by a deep elf master archer (21 damage)
             ... in the Dungeon (Sprint II: "The Violet Keep of Menkaure").
             The game lasted 00:11:07 (2351 turns).

rocky1 the Fencer (Djinni Gladiator)                Turns: 2351, Time: 00:11:07

Health: -3/89      AC: 13    Str: 13    XL:     11   Next: 27%
Gold:   1700       EV:  7    Int: 10    God:    Gozag SH:  0 Dex: 19

rFire   + + .        g - +4 scimitar (elec)
rCold   + + .        h - +0 buckler
rNeg    . . .        w - +3 scale mail {rC+}
rPois   ∞            i - +0 helmet {SInv}
rElec   .            (no cloak)
rCorr   .            (no gloves)
SInv    +            (boots unavailable)
Will    +....        m - amulet of reflection
Stlth   +            n - ring of protection from cold
HPRegen 0.34/turn    o - ring of protection from cold
MPRegen 0.00/turn

%: no teleportation, reflection, infuse magic (-4 HP)
@: flying, held
A: sickness immunity, fire resistance 2, cold vulnerability 1, float, innate
caster, HP casting, extra vitality 1
a: Renounce Religion, Potion Petition, Call Merchant, Bribe Branch


You were in the Dungeon.
You worshipped Gozag.
Gozag was most pleased with you.
You visited 1 branch You collected 5109 gold pieces.
You spent 3409 gold pieces at shops.

Inventory:

Hand Weapons
 a - a +0 long sword
 g - a +4 scimitar of electrocution (weapon)
 r - a +2 long sword of holy wrath
Missiles
 d - 3 throwing nets (quivered)
 e - a javelin
Armour
 b - a +0 leather armour
 c - a +0 helmet
 h - a +0 buckler (worn)
 i - a +0 helmet of see invisible (worn)
 l - the +0 scale mail "Tashra Buci" {Will++}
   (You bought it in a shop in the Dungeon)

   Will++:    It greatly increases your willpower.
 u - a +1 ring mail of cold resistance
 w - a +3 scale mail of cold resistance (worn)
 y - a +0 helmet of intelligence
Jewellery
 m - an amulet of reflection (around neck)
 n - a ring of protection from cold (left hand)
 o - a ring of protection from cold (right hand)
Scrolls
 j - 2 scrolls of blinking
 k - a scroll of enchant armour
 v - a scroll of silence
 x - a scroll of immolation
 z - a scroll of revelation
Potions
 f - 2 potions of haste
 p - 3 potions of heal wounds
 q - a potion of resistance
 s - 2 potions of berserk rage
 t - a potion of lignification
 A - 3 potions of enlightenment {unknown}
 B - a potion of cancellation {unknown}


   Skills:
 * Level 11.7 Fighting
 * Level 16.0 Long Blades
 - Level 2.4 Throwing
 * Level 11.5 Armour
 + Level 10.7 Dodging
 - Level 2.7 Stealth
 + Level 5.8 Shields


You knew the following spells:

 Your Spells              Type           Power      Damage    Failure   Level
a - Slow                  Hex            0%         N/A       86%         1
b - Call Imp              Summ           0%         N/A       94%         2
c - Inner Flame           Hex/Fire       0%         N/A       99%         3
d - Cause Fear            Hex            0%         N/A       100%        4
e - Animate Armour        Summ/Erth      0%         N/A       100%        4
Your spell library was empty.


Dungeon Overview and Level Annotations

Branches:
Dungeon (1/1)

Altars:
Cheibriados
Dithmenos
Elyvilon
Fedhas
Gozag
Hepliaklqana
Makhleb
Nemelex Xobeh
Okawaru
Qazlal
Ru
Trog
Uskayaw
Wu Jian
Xom
Yredelemnul
Zin
The Shining One
Jiyva
Lugonu

Shops:
D =([:(?:![(?**(:?=!??[=*[[(((:

Annotations:
D exclusion: oklob plant, Kirke


Innate Abilities, Weirdness & Mutations

You are immune to sickness and miasma.
You are immune to poison.
Your flesh is very heat resistant. (rF++)
You are vulnerable to cold. (rC-)
You float through the air rather than walking.
You learn spells naturally, not from books.
Your magical power is your life essence.
You have superior vitality. (+4 MHP)


Message History

The yak fails to trigger a net trap.
You slash the yak!
The yak is almost dead.
You block the yak's attack.
You hit the yak.
The yak is almost dead.
You hit the yak. Lightning courses through the yak!
You kill the yak!
The yak gores you but does no damage.
You barely miss the yak. You block the yak's attack.
You slice the yak!!
The yak is heavily wounded.
You block the yak's attack.
You slice the yak!!
You kill the yak!
Your Long Blades skill increases to level 16!
No target in view!
You now have 1322 gold pieces (gained 144).
There is an open door, spattered with blood here.
You now have 1403 gold pieces (gained 81).
There is an open door, spattered with blood here.
You become entangled in the net!
The deep elf master archer shoots an arrow.
The arrow hits you!!
You now have 1700 gold pieces (gained 297).
There is a net trap, spattered with blood here.
You see here a throwing net.
You struggle against the net.
The deep elf master archer shoots an arrow.
The arrow hits you.
The deep elf master archer shoots an arrow.
The arrow hits you!!
You struggle against the net.
The deep elf master archer shoots an arrow.
The arrow hits you!
* * * LOW HITPOINT WARNING * * *
The deep elf master archer shoots an arrow.
The arrow hits you!!
You die...
Your body crumbles into a pile of gold.

*∩,∩∩∩+,+,,***,,,,***,,,,,+,,,+,,
*******,****,,,,,,,,*,,,,,*,,,*,*
*,,####+####,,,,,,,,*,,,,,*,***^*
+5##.§.≈≈≈.##⌠,,,,*+***,,,*,,,*,*
###≈§≈○.≈§§≈##,,,,*,,***+****,*,*
.+§≈≈z°≈.≈..≈##++##,,,+,,,*,,,*,,
###z§§§zz≈≈≈##≈^§.###,*,,,*******
.~##§§zzzz~*#e≈§§^..###,,,*~~~~~~
#~~#+++#+++#####@...#.##,,*******
~~~.........#..'...^#..#,,*,,,,,,
~~~~.##'##..#..####.#..#,,*,,,,,,
~~~~##.#.##.####..'.##.#,°▓):!$()
~~~~#.##..#....#..#...####▓!?![[$
~~#####..####..#####..##.#▓[[$|$=
~##.###'###.##..#..'..#..#▓((?$!=
~#.#.##.##...#..#..#..#..#▓?!)))$
~'###'.<.'.##'..####..##)#▓$??)$[


You could see a deep elf master archer.

Vanquished Creatures
  A crystal guardian (D)
  An ice dragon (D)
  2 deep trolls (D)
  2 death drakes (D)
  An obsidian statue (D)
  A yaktaur (D)
  A hornet (D)
  2 polar bears (D)
  3 yaks (D)
  2 wyverns (D)
  A vampire mosquito (D)
  5 water moccasins (D)
  2 swamp drakes (D)
  4 scorpions (D)
  4 necrophages (D)
  4 lava snakes (D)
  A jelly (D)
  A spectral adder (D)
  3 worms (D)
  A spectral bat (D)
42 creatures vanquished.

Vanquished Creatures (others)
  A polar bear (D)
  Menkaure (D)
  8 tentacles (D)
10 creatures vanquished.

Grand Total: 52 creatures vanquished

Notes
Turn   | Place    | Note
-------+----------+-------------------------------------------
     0 | D        | rocky1 the Djinni Gladiator began the quest for the Orb.
     0 | D        | Reached XP level 1. HP: 18/18 MP: 0/0
     1 | D        | Noticed a necrophage
     1 | D        | Noticed a necrophage
     1 | D        | Noticed a necrophage
     1 | D        | Noticed a necrophage
     7 | D        | Killed a necrophage
     8 | D        | Reached skill level 5 in Long Blades
     8 | D        | Reached XP level 2. HP: 25/25 MP: 0/0
     8 | D        | Reached XP level 3. HP: 30/30 MP: 0/0
     8 | D        | Learned a level 1 spell: Slow
     8 | D        | Reached XP level 4. HP: 35/35 MP: 0/0
    11 | D        | Killed a necrophage
    12 | D        | Reached skill level 6 in Long Blades
    12 | D        | Reached skill level 1 in Armour
    12 | D        | Reached XP level 5. HP: 41/41 MP: 0/0
    12 | D        | Learned a level 2 spell: Call Imp
    15 | D        | Reached skill level 7 in Long Blades
    18 | D        | Reached skill level 8 in Long Blades
    18 | D        | Reached XP level 6. HP: 39/48 MP: 0/0
    23 | D        | Killed Menkaure
    25 | D        | Noticed a water moccasin
    29 | D        | Killed a water moccasin
    32 | D        | Found an iron altar of Okawaru.
    33 | D        | Found a sparkling altar of Nemelex Xobeh.
    33 | D        | Found a hide-covered altar of Uskayaw.
    33 | D        | Found a glowing silver altar of Zin.
    34 | D        | Found an opulent altar of Gozag.
    34 | D        | Found a burning altar of Makhleb.
    34 | D        | Found a bloodstained altar of Trog.
    34 | D        | Found a basalt altar of Yredelemnul.
    35 | D        | Found a blossoming altar of Fedhas.
    35 | D        | Found a corrupted altar of Lugonu.
    36 | D        | Found a white marble altar of Elyvilon.
    36 | D        | Found a shimmering altar of Xom.
    36 | D        | Found a sacrificial altar of Ru.
    37 | D        | Found a shadowy altar of Dithmenos.
    37 | D        | Found a viscous altar of Jiyva.
    39 | D        | Found a snail-covered altar of Cheibriados.
    41 | D        | Found a hazy altar of Hepliaklqana.
    42 | D        | Found a glowing golden altar of the Shining One.
    42 | D        | Found an ornate altar of the Wu Jian Council.
    42 | D        | Found a stormy altar of Qazlal.
    44 | D        | Became a worshipper of Gozag Ym Sagoz the Greedy
    63 | D        | Noticed a flying skull
    64 | D        | Noticed a water moccasin
    65 | D        | Noticed a flying skull
    65 | D        | Noticed a flying skull
    65 | D        | Noticed a flying skull
    65 | D        | Noticed a flying skull
    65 | D        | Noticed a flying skull
    66 | D        | Noticed a flying skull
    66 | D        | Noticed a flying skull
    66 | D        | Noticed a flying skull
    66 | D        | Noticed a flying skull
    66 | D        | Noticed a flying skull
    66 | D        | Noticed a flying skull
    79 | D        | Killed a water moccasin
    80 | D        | Reached skill level 5 in Fighting
    80 | D        | Reached skill level 9 in Long Blades
    80 | D        | Reached XP level 7. HP: 32/54 MP: 0/0
    80 | D        | Learned a level 3 spell: Inner Flame
    92 | D        | Found Ducob's Weapon Shoppe.
    92 | D        | Found Caqergho's Antique Weapon Emporium.
    93 | D        | Found Funaa's Antique Armour Emporium.
    93 | D        | Found Baoh's Jewellery Shoppe.
    93 | D        | Found Ganycria's Assorted Antiques.
    94 | D        | Found Vaewnyem's Magic Scroll Emporium.
    94 | D        | Found Omafyuma's Jewellery Shoppe.
    94 | D        | Found Gaphiotu's Distillery.
    96 | D        | Found Eniafomp's General Store.
    96 | D        | Found Mithaoc's General Store.
    96 | D        | Found Oplaen's Magic Scroll Shoppe.
    96 | D        | Noticed a wyvern
   116 | D        | Noticed a vampire mosquito
   132 | D        | Killed a vampire mosquito
   133 | D        | Reached skill level 10 in Long Blades
   167 | D        | Noticed a wyvern
   167 | D        | Noticed a wyvern
   168 | D        | Found Rekul's Distillery.
   168 | D        | Found Neqius's Book Emporium.
   168 | D        | Noticed an oklob plant
   169 | D        | Found Duphoo's Antique Armour Shoppe.
   169 | D        | Found Ixij's Book Shoppe.
   170 | D        | Noticed a hell hog
   170 | D        | Noticed a hell hog
   182 | D        | Noticed a fire dragon
   204 | D        | Bought a runed scimitar for 175 gold pieces
   225 | D        | Bought a buckler for 108 gold pieces
   240 | D        | Noticed a wyvern
   240 | D        | Noticed a wyvern
   250 | D        | Killed a wyvern
   251 | D        | Reached skill level 5 in Armour
   252 | D        | Killed a wyvern
   253 | D        | Reached skill level 11 in Long Blades
   253 | D        | Reached XP level 8. HP: 13/62 MP: 0/0
   449 | D        | Reached skill level 12 in Long Blades
   501 | D        | Bought a shiny helmet for 180 gold pieces
   519 | D        | Bought a scroll of enchant armour for 97 gold pieces
   521 | D        | Bought a faintly humming scale mail for 234 gold pieces
   521 | D        | Identified the +0 scale mail "Tashra Buci" {Will++} (You
                  | bought it in a shop in the Dungeon)
   533 | D        | Bought an amulet of reflection for 330 gold pieces
   533 | D        | Bought a ring of protection from cold for 275 gold pieces
   537 | D        | Bought a ring of protection from cold for 250 gold pieces
   546 | D        | Bought a potion of might for 40 gold pieces
   546 | D        | Bought a potion of berserk rage for 50 gold pieces
   546 | D        | Bought a potion of curing for 30 gold pieces
   575 | D        | Noticed an obsidian statue
   618 | D        | Reached skill level 1 in Stealth
   840 | D        | Noticed a polar bear
   849 | D        | Killed a polar bear
   959 | D        | Noticed a yaktaur
   959 | D        | Noticed a hornet
   961 | D        | Noticed a polar bear
   961 | D        | Noticed a polar bear
   962 | D        | Killed a hornet
   963 | D        | Reached skill level 13 in Long Blades
   963 | D        | Reached skill level 1 in Shields
   963 | D        | Reached XP level 9. HP: 70/70 MP: 0/0
   963 | D        | Learned a level 4 spell: Cause Fear
   967 | D        | Killed a yaktaur
   969 | D        | Killed a polar bear
   978 | D        | Killed a polar bear
   979 | D        | Reached skill level 14 in Long Blades
  1006 | D        | Noticed a kraken
  1145 | D        | Noticed a sixfirhy
  1148 | D        | Noticed a sixfirhy
  1164 | D        | Noticed a hellwing
  1172 | D        | Noticed a sun demon
  1173 | D        | Killed an obsidian statue
  1174 | D        | Reached XP level 10. HP: 14/79 MP: 0/0
  1174 | D        | Noticed a sixfirhy
  1385 | D        | Found Cedwibraj's Book Shoppe.
  1386 | D        | Found Weucear's Antique Weapon Boutique.
  1387 | D        | Identified the +6 battleaxe of Ugaezy {freeze, rElec rCorr
                  | Str-5 Int+5 Dex-2}
  1458 | D        | Noticed a deep troll
  1458 | D        | Noticed a deep troll
  1478 | D        | Killed a deep troll
  1479 | D        | Reached skill level 10 in Fighting
  1479 | D        | Reached skill level 15 in Long Blades
  1482 | D        | Killed a deep troll
  1757 | D        | Bought a potion of haste for 100 gold pieces
  1757 | D        | Bought a potion of heal wounds for 50 gold pieces
  1757 | D        | Bought a potion of resistance for 100 gold pieces
  1759 | D        | Bought a potion of berserk rage for 70 gold pieces
  1759 | D        | Bought a potion of heal wounds for 70 gold pieces
  1759 | D        | Bought a potion of berserk rage for 70 gold pieces
  1759 | D        | Bought 2 potions of heal wounds for 140 gold pieces
  1759 | D        | Bought a potion of lignification for 42 gold pieces
  1761 | D        | Bought a potion of haste for 130 gold pieces
  1761 | D        | Bought a scroll of revelation for 97 gold pieces
  1761 | D        | Bought a scroll of silence for 123 gold pieces
  1771 | D        | Noticed a great orb of eyes
  1771 | D        | Noticed a frost giant
  1771 | D        | Noticed a deep elf high priest
  1771 | D        | Noticed a bone dragon
  1771 | D        | Noticed an elephant
  1771 | D        | Noticed a centaur warrior
  1771 | D        | Noticed Kirke
  1771 | D        | Noticed a storm dragon
  1771 | D        | Noticed a golden dragon
  1771 | D        | Noticed a cacodemon
  1771 | D        | Noticed a kobold demonologist
  1771 | D        | Noticed a yaktaur captain
  1771 | D        | Noticed a skeletal warrior
  1771 | D        | Found Seoc's Antique Armour Shoppe.
  1771 | D        | Found Zoydojet's Magic Scroll Shop.
  1771 | D        | Found Vym Bear's Book Emporium.
  1771 | D        | Found Geonewn's Antique Weapon Boutique.
  1771 | D        | Found Bokloicw's Magic Scroll Shoppe.
  1771 | D        | Found Eliminaron's Antique Weapon Shop.
  1771 | D        | Found Qupuh's Armour Shop.
  1771 | D        | Found Qiwninut's Magic Scroll Emporium.
  1771 | D        | Found Xiys's Weapon Boutique.
  1771 | D        | Found Ucroruni's Armour Shoppe.
  1771 | D        | Found Nahumeo's Weapon Shop.
  1771 | D        | Found Uteighy's Jewellery Emporium.
  1776 | D        | Bought a shiny ring mail for 182 gold pieces
  1776 | D        | Bought a glowing scale mail for 182 gold pieces
  1788 | D        | Bought a scroll of blinking for 97 gold pieces
  1788 | D        | Bought a scroll of immolation for 52 gold pieces
  1800 | D        | Bought a glowing helmet for 135 gold pieces
  1845 | D        | Noticed a death drake
  1846 | D        | Noticed a death drake
  1869 | D        | Killed a death drake
  1870 | D        | Reached skill level 10 in Dodging
  1878 | D        | Reached skill level 10 in Armour
  1886 | D        | Noticed a crystal guardian
  1906 | D        | Killed a crystal guardian
  1917 | D        | Killed a death drake
  1918 | D        | Reached skill level 5 in Shields
  1918 | D        | Reached XP level 11. HP: 16/87 MP: 0/0
  1918 | D        | Learned a level 4 spell: Animate Armour
  2160 | D        | Noticed an ice dragon
  2173 | D        | Killed an ice dragon
  2318 | D        | Noticed a deep elf master archer
  2338 | D        | Reached skill level 16 in Long Blades
  2351 | D        | Shot with an arrow by a deep elf master archer

Illustrated notes

Levels and vault maps discovered:
D:        the_violet_keep_of_menkaure [sprint2_stairs_cluster_1,
          sprint2_shoproom, sprint2_temple, sprint2_basic_supplies,
          sprint2_obstacle_5, sprint2_obstacle_3, sprint2_obstacle_1,
          sprint2_obstacle_7, sprint2_obstacle_2, sprint2_timed_cluster_1,
          sprint2_smallroom_cluster_1, sprint2_smallroom_final_cluster_1,
          sprint2_transparent_cluster_1, sprint2_second_timed_cluster_1,
          sprint2_sniper_area_1, sprint2_heavy_combat_area_1,
          sprint2_mutation_trap_area_1, sprint2_forest_area_1,
          sprint2_light_combat_area_1, sprint2_behind_water_1,
          sprint2_near_end_vault_1]

Skill      XL: |  1  2  3  4  5  6  7  8  9 10 11 |
---------------+----------------------------------+-----
Fighting       | 3 4 5 6 8 9 11 | 11.7
Long Blades    | 5 6 8 9 11 13 14 15 16 | 16.0
Throwing       | 2 |  2.4
Dodging        | 6 7 8 9 10 | 10.7
Armour         | 1 3 4 5 6 7 11 | 11.5
Stealth        | 1 2 |  2.7
Shields        | 1 2 5 |  5.8

Action                     |  1- 3 |  4- 6 |  7- 9 | 10-12 || total
---------------------------+-------+-------+-------+-------++-------
  Melee: Long sword        |     5 |    23 |    14 |       ||    42
         Scimitar          |       |       |    97 |   101 ||   198
    Use: Potion            |     1 |       |     3 |     4 ||     8
         Scroll            |       |       |       |     1 ||     1
   Stab: Sleeping          |       |       |     2 |       ||     2
         Distracted        |       |       |       |     2 ||     2
 Armour: Leather armour    |     1 |     9 |    15 |       ||    25
         Scale mail        |       |       |    58 |    64 ||   122
  Dodge: Dodged            |     2 |    15 |    76 |    37 ||   130
  Block: Buckler           |       |       |    43 |    41 ||    84

Table legend: (Time is in decaauts)
 A = Elapsed time spent in this place.
 B = Non-inter-level travel time spent in this place.
 C = Inter-level travel time spent in this place.
 D = Time resting spent in this place.
 E = Time spent auto-exploring this place.
 F = Levels seen in this place.
 G = Mean time per level.
                   A        B        C        D        E       F      G
               +--------+--------+--------+--------+--------+-----+--------+
         Total |   2309 |   2309 |      0 |   1250 |      0 |   1 | 2309.0 |
       Dungeon |   2309 |   2309 |      0 |   1250 |      0 |   1 | 2309.0 |
               +--------+--------+--------+--------+--------+-----+--------+

Top non-repeatable levels by time:
       D: 2309 daAuts
